 Dungeon Crawl Stone Soup version 0.16.2-2-g470672f (webtiles) character file.

26317 CrazyArbalest the Quickloader (level 12, -5/103 HPs)
             Began as a Centaur Hunter on Aug 22, 2015.
             Was an Initiate of Gozag.
             Shot with a poisoned arrow by Nessos (6 damage)
             ... on level 3 of the Orcish Mines.
             The game lasted 03:23:46 (30201 turns).

CrazyArbalest the Quickloader (Centaur Hunter)     Turns: 30201, Time: 03:23:48

Health: -5/103     AC: 29    Str: 15      XL:     12   Next: 97%
Magic:  9/9        EV:  9    Int: 11 (14) God:    Gozag
Gold:   4338       SH:  0    Dex:  8      Spells: 0 memorised, 11 levels left

rFire  . . .     SeeInvis .     b - +1 hand crossbow (freeze)
rCold  . . .     Clarity  .     t - +8 plate armour of the Dice {rN+ Int+4 Dex-5}
rNeg   + + .     SustAb   .     (no shield)
rPois  .         Gourm    .     m - +1 helmet
rElec  .         Spirit   .     k - +0 cloak
rCorr  .         Warding  +     Y - +1 pair of gloves
rMut   .         Stasis   .     (no barding)
MR     .....                    B - amulet of warding
Stlth  ..........               G - +5 ring of evasion
                                q - +4 ring of protection

@: lethally poisoned (-5 -> -12), very quick, not resistant to hostile
enchantments, extremely unstealthy
A: hooves 3, clumsy 1, deformed body, speed 2, tough skin 3
a: Potion Petition, Call Merchant, Bribe Branch, Renounce Religion


You were on level 3 of the Orcish Mines.
You worshipped Gozag.
Gozag was noncommittal.
You were hungry.

You visited 4 branches of the dungeon, and saw 18 of its levels.
You also visited: Ice Cave.

You collected 4552 gold pieces.
You spent 28 gold pieces at shops.
You paid 186 gold pieces to Gozag.

Inventory:

Hand weapons
 a - a +2 morningstar of crushing
 b - a +1 hand crossbow of freezing (weapon)
 h - a +2 morningstar of holy wrath
 n - a +1 whip of freezing
 v - a +1 spear
 C - a +0 mace of holy wrath
 N - the +2 hand axe of Kauc {chop, -Tele *Rage rElec rF+ rC++}
   (You found it on level 8 of the Dungeon)

   It inflicts extra damage upon your enemies.
   It protects you from fire.
   It greatly protects you from cold.
   It insulates you from electricity.
   It prevents most forms of teleportation.
   It may make you go berserk in combat.
 O - a +2 whip of venom
 R - a +5 flail of protection
Missiles
 c - 12 bolts (quivered)
 W - 6 bolts of frost
Armour
 k - a +0 cloak (worn)
 m - a +1 helmet (worn)
 t - the +8 plate armour of the Dice (worn) {rN+ Int+4 Dex-5}
   (You found it in an ice cave)

   It affects your intelligence (+4).
   It affects your dexterity (-5).
   It protects you from negative energy.
 y - a +3 leather armour
 Y - a +1 pair of gloves (worn)
Jewellery
 q - a +4 ring of protection (left hand)
 s - an uncursed ring of poison resistance
 B - an amulet of warding (around neck)
 G - a +5 ring of evasion (right hand)
 H - an uncursed ring of protection from cold
 U - an uncursed ring of fire
Magical devices
 e - a wand of slowing (24)
 o - a wand of confusion (14)
Scrolls
 d - a scroll of blinking
 g - 6 scrolls of remove curse
 p - a scroll of silence {unknown}
 u - a scroll of noise {unknown}
 F - 3 scrolls of teleportation
Potions
 j - a potion of heal wounds
 w - a potion of haste
 P - a potion of flight
Books
 i - a book of Burglary

   Spells                             Type                      Level
   a - Swiftness                      Charms/Air                   2
   b - Passwall                       Transmutation/Earth          3
   c - Passage of Golubria            Translocation                4
   d - Lee's Rapid Deconstruction     Earth                        5
   e - Invisibility                   Hexes                        6
   f - Darkness                       Hexes                        7
 l - a book of Flames

   Spells                             Type                      Level
   a - Flame Tongue                   Conjuration/Fire             1
   b - Throw Flame                    Conjuration/Fire             2
   c - Conjure Flame                  Conjuration/Fire             3
   d - Inner Flame                    Hexes/Fire                   3
   e - Sticky Flame                   Conjuration/Fire             4
   f - Fireball                       Conjuration/Fire             5
 r - a book of Burglary

   Spells                             Type                      Level
   a - Swiftness                      Charms/Air                   2
   b - Passwall                       Transmutation/Earth          3
   c - Passage of Golubria            Translocation                4
   d - Lee's Rapid Deconstruction     Earth                        5
   e - Invisibility                   Hexes                        6
   f - Darkness                       Hexes                        7
Comestibles
 f - 9 bread rations


   Skills:
 + Level 8.8 Fighting
 + Level 6.0(7.7) Axes
 + Level 7.4(8.4) Maces & Flails
 * Level 12.5 Crossbows
 + Level 7.6 Armour
 + Level 7.2 Dodging
 + Level 2.1 Stealth


You had 11 spell levels left.
You didn't know any spells.

Dungeon Overview and Level Annotations

Branches:
Dungeon (11/15)            Temple (1/1) D:7            Lair (2/8) D:10
    Orc (4/4) D:9
    Elf: Orc:3-4

Altars:
Ashenzari
Cheibriados
Dithmenos
Elyvilon
Fedhas
Gozag
Kikubaaqudgha
Makhleb
Nemelex Xobeh
Okawaru
Qazlal
Ru
Sif Muna
Trog
Vehumet
Xom
Yredelemnul
Zin
The Shining One

Shops:
D:8 *

Annotations:
D:5 Enish's ghost, experienced TeCj
D:8 smiler's ghost, experienced GrEE
D:11 Mizura's ghost, experienced HuFi
Orc:3 Nessos


Innate Abilities, Weirdness & Mutations

You have hooves in place of feet.
Armour fits poorly on your strangely shaped body.
You cover ground very quickly.
You have extremely tough skin (AC +3).
You are clumsy. (Dex -2)


Message History

The poisoned arrow burns you.
* * * LOW HITPOINT WARNING * * *
You are lethally poisoned!
There is a stone staircase leading down, spattered with blood here.
You see here 5 poisoned arrows.
Drink which item? (? for menu, Esc to quit)
You feel better. The orc barely misses you. The orc closely misses you.
Nessos shoots a poisoned arrow.
The poisoned arrow hits you.
* * * LOW HITPOINT WARNING * * *
The poisoned arrow burns you.
* * * LOW HITPOINT WARNING * * *
You are lethally poisoned!
Drink which item? (? for menu, Esc to quit)
You feel much better.
You feel sick. The orc hits you but does no damage. The orc misses you.
Nessos shoots a poisoned arrow.
The poisoned arrow hits you!
* * * LOW HITPOINT WARNING * * *
The poisoned arrow burns you.
You die...
Your body crumbles into a pile of gold.

. $ #.## #....
......###
........#
....$...#
.......o.####
.......o@o..#
$
....#...o....#
#.c.....$...
###......... $
#.....#..# .#.
......# # ....
....###
.......### $
#.......


You could see Nessos and 4 orcs.

Vanquished Creatures
  Fannar (Lair:2)
  Harold (Orc:4)
  Erica (Lair:1)
  3 ice statues (IceCv)
  Pikel (D:9)
  2 hill giants
  2 orc knights
  2 orc sorcerers
  2 black mambas
  A spiny frog (Lair:2)
  Joseph (Orc:1)
  A komodo dragon (Lair:2)
  7 blink frogs (Lair:1)
  A deep elf mage (D:11)
  A wraith (D:9)
  A hill giant zombie (D:9)
  A shadow (D:11)
  Eustachio (D:4)
  Grum (Orc:4)
  3 hippogriffs
  12 yaks
  3 hungry ghosts
  3 wolves (Orc:4)
  3 wargs
  Edmund (D:5)
  Menkaure (D:5)
  5 swamp worms (Lair:1)
  6 water moccasins
  3 porcupines (Lair:2)
  29 ice beasts
  19 orc warriors
  4 phantoms
  3 black bears
  3 sky beasts
  2 centaurs
  3 big kobolds
  4 crocodiles
  13 ogres
  A brain worm (D:11)
  8 giant frogs
  4 scorpions
  9 wights
  8 killer bees
  A troll zombie (D:9)
  A giant frog zombie (D:6)
  8 hounds
  2 centaur skeletons
  7 crimson imps
  A gnoll shaman (D:6)
  A goliath beetle (D:8)
  A quasit (D:7)
  29 orc priests
  11 jellies
  4 iguanas
  25 orc wizards
  A giant frog skeleton (D:10)
  12 worker ants
  9 sheep
  Jessica (D:4)
  6 ogre zombies (D:9)
  A hound skeleton (D:8)
  10 gnolls
  22 adders
  2 giant mites
  12 white imps (Lair:1)
  10 river rats (Lair:1)
  2 shadow imps
  15 worms
  2 adder skeletons
  9 giant geckos
  149 orcs
  9 ball pythons
  21 bats
  7 giant cockroaches
  14 goblins
  23 hobgoblins
  24 jackals
  34 kobolds
  8 quokkas
  8 giant newts
  2 goblin zombies (D:9)
  4 hobgoblin zombies (D:9)
  2 orc skeletons (D:9)
  17 orc zombies (D:9)
  17 rats
  2 fungi (Lair:1)
727 creatures vanquished.

Vanquished Creatures (others)
  3 slaves (D:9)
  A centaur skeleton (D:9)
  A giant gecko (D:9)
  2 orcs (D:9)
  A giant spore (D:11)
  A fungus (Lair:2)
  2 plants (Lair:1)
11 creatures vanquished.

Grand Total: 738 creatures vanquished

Notes
Turn   | Place    | Note
--------------------------------------------------------------
     0 | D:1      | CrazyArbalest, the Centaur Hunter, began the quest for the Orb.
     0 | D:1      | Reached XP level 1. HP: 17/17 MP: 1/1
   483 | D:1      | Reached XP level 2. HP: 9/24 MP: 2/2
   931 | D:1      | Reached skill level 5 in Crossbows
  1272 | D:2      | Reached XP level 3. HP: 27/29 MP: 3/3
  1920 | D:2      | Reached skill level 1 in Armour
  2164 | D:2      | Reached XP level 4. HP: 36/36 MP: 3/3
  3054 | D:3      | Reached XP level 5. HP: 41/41 MP: 4/4
  4500 | D:3      | Reached skill level 1 in Axes
  4745 | D:3      | Reached XP level 6. HP: 43/48 MP: 5/5
  5504 | D:4      | Found a sparkling altar of Nemelex Xobeh.
  5504 | D:4      | Noticed Jessica
  5514 | D:4      | Killed Jessica
  5599 | D:4      | Reached skill level 6 in Crossbows
  5879 | D:4      | Reached XP level 7. HP: 56/56 MP: 5/5
  6139 | D:4      | Found an iron altar of Okawaru.
  6141 | D:4      | Found an ancient bone altar of Kikubaaqudgha.
  6144 | D:4      | Found a radiant altar of Vehumet.
  6145 | D:4      | Found a white marble altar of Elyvilon.
  6288 | D:4      | Found a glowing silver altar of Zin.
  6375 | D:4      | Noticed Eustachio
  6388 | D:4      | Killed Eustachio
  6496 | D:4      | Found a blossoming altar of Fedhas.
  7002 | D:5      | Entered Level 5 of the Dungeon
  7255 | D:5      | Reached skill level 1 in Stealth
  7318 | D:5      | Noticed Menkaure
  7334 | D:5      | Killed Menkaure
  7334 | D:5      | Reached XP level 8. HP: 51/63 MP: 6/6
  7462 | D:5      | Noticed Edmund
  7503 | D:5      | Killed Edmund
  7503 | D:5      | Reached skill level 7 in Crossbows
  7827 | D:5      | Noticed Enish's ghost (experienced TeCj)
  9730 | D:6      | Reached XP level 9. HP: 68/72 MP: 7/7
 10124 | D:6      | Reached skill level 8 in Crossbows
 10760 | D:6      | Reached skill level 1 in Maces & Flails
 11727 | D:7      | Found a staircase to the Ecumenical Temple.
 11773 | D:7      | Reached skill level 5 in Fighting
 12204 | Temple   | Entered the Ecumenical Temple
 12386 | Temple   | Became a worshipper of Gozag Ym Sagoz the Greedy
 12456 | D:7      | Reached skill level 9 in Crossbows
 13033 | D:6      | Reached skill level 5 in Dodging
 13136 | D:8      | Found a bloodstained altar of Trog.
 13283 | D:8      | Found Grab's General Store.
 13286 | D:8      | Bought a scroll of identify for 28 gold pieces
 13335 | D:8      | Noticed smiler's ghost (experienced GrEE)
 13383 | D:7      | Reached XP level 10. HP: 61/81 MP: 7/7
 13475 | D:8      | Got a shimmering hand axe
 13738 | D:8      | Reached skill level 5 in Axes
 13764 | D:8      | Identified the +2 hand axe of Kauc {chop, -Tele *Rage rElec rF+ rC++} (You found it on level 8 of the Dungeon)
 13836 | D:8      | Found a snail-covered altar of Cheibriados.
 14432 | D:8      | Reached skill level 5 in Armour
 15610 | D:9      | Noticed Pikel
 15660 | D:9      | Killed Pikel
 15660 | D:9      | Reached skill level 10 in Crossbows
 16769 | D:9      | Found a staircase to the Orcish Mines.
 16989 | Orc:1    | Entered Level 1 of the Orcish Mines
 17168 | Orc:1    | Noticed Joseph
 17679 | Orc:1    | Killed Joseph
 17679 | Orc:1    | Reached XP level 11. HP: 60/91 MP: 8/8
 18632 | Orc:2    | Found a bloodstained altar of Trog.
 19630 | Orc:2    | HP: 1/91 [orc sorcerer/bolt of fire (27)]
 19634 | Orc:2    | Noticed an ice devil
 19982 | D:10     | Entered Level 10 of the Dungeon
 20049 | D:10     | Noticed a hill giant
 21048 | D:10     | Found a staircase to the Lair.
 21822 | D:9      | Reached skill level 11 in Crossbows
 21883 | D:10     | Got an ancient short sword
 22344 | Lair:1   | Entered Level 1 of the Lair of Beasts
 22388 | Lair:1   | Reached skill level 5 in Maces & Flails
 22511 | Lair:1   | Noticed Erica
 22534 | Lair:1   | Killed Erica
 22538 | Lair:1   | Identified the +5 short sword of Infinity {pierce, *Rage MR+ MP+9} (You took it off an orc priest on level 10 of the Dungeon)
 22773 | Lair:1   | HP: 4/92 [black mamba (10)]
 22940 | Lair:1   | Found a frozen archway.
 23083 | IceCv    | Entered an ice cave
 23433 | IceCv    | Noticed an ice statue
 23433 | IceCv    | Noticed an ice statue
 23433 | IceCv    | Noticed an ice statue
 23547 | IceCv    | Killed an ice statue
 23547 | IceCv    | Reached XP level 12. HP: 101/101 MP: 9/9
 23616 | IceCv    | Killed an ice statue
 23710 | IceCv    | Killed an ice statue
 23733 | IceCv    | Got a faintly glowing plate armour
 23777 | IceCv    | Identified the +8 plate armour of the Dice {rN+ Int+4 Dex-5} (You found it in an ice cave)
 24001 | Lair:1   | HP: 1/101 [swamp worm (8)]
 25257 | Lair:2   | Noticed Fannar
 25405 | Lair:2   | Killed Fannar
 25405 | Lair:2   | Reached skill level 12 in Crossbows
 27020 | D:11     | Noticed Mizura's ghost (experienced HuFi)
 28015 | Orc:2    | Gained mutation: You are clumsy. (Dex -2) [a neqoxec]
 28331 | Orc:4    | Entered Level 4 of the Orcish Mines
 28459 | Orc:4    | Noticed Harold
 28484 | Orc:4    | Killed Harold
 28783 | Orc:3    | Noticed Nessos
 29421 | Orc:4    | Noticed Grum
 29500 | Orc:4    | Killed Grum
 30167 | Orc:4    | Noticed a stone giant
 30199 | Orc:3    | HP: 3/103 [Nessos/poisoned arrow (5)]
 30201 | Orc:3    | HP: 1/103 [Nessos/poisoned arrow (17)]
 30201 | Orc:3    | Shot with a poisoned arrow by Nessos

Action                   |  1- 3 |  4- 6 |  7- 9 | 10-12 || total
-------------------------+-------+-------+-------+-------++-------
Melee: Short sword       |    96 |       |       |       ||    96
       Whip              |    98 |   101 |       |   326 ||   525
       War axe           |       |   230 |   499 |   184 ||   913
       Flail             |       |       |   143 |   260 ||   403
       Battleaxe         |       |       |       |     1 ||     1
       Morningstar       |       |       |       |  1104 ||  1104
       Hand axe          |       |       |       |   236 ||   236
 Fire: Hand crossbow     |    10 |    21 |    42 |   129 ||   202
Evoke: Wand              |       |       |       |    10 ||    10
  Use: Scroll            |       |       |     2 |    20 ||    22
       Potion            |       |       |       |    20 ||    20
 Stab: Distracted        |       |       |       |     5 ||     5
       Invisible         |       |       |       |     2 ||     2
       Confused          |       |       |       |     1 ||     1
  Eat: Chunk             |     3 |    11 |    18 |       ||    32
       Fruit             |       |       |     1 |    16 ||    17
       Beef jerky        |       |       |     1 |     1 ||     2
       Meat ration       |       |       |       |     8 ||     8
       Bread ration      |       |       |       |     1 ||     1
